 Dungeon Crawl Stone Soup version 0.17-a0-1718-g72dbe4d (webtiles) character file.

42 Yloidan the Ruffian (level 3, -2/54 HPs)
             Began as a Troll Berserker on Aug 26, 2015.
             Was a Believer of Trog.
             Slain by a slave (7 damage)
             ... led by Pikel
             ... on level 4 of the Dungeon.
             The game lasted 00:09:02 (950 turns).

Yloidan the Ruffian (Troll Berserker)                Turns: 950, Time: 00:09:03

Health: -2/54      AC:  5    Str: 31    XL:     3   Next: 33%
Magic:  2/2        EV: 10    Int:  3    God:    Trog [**....]
Gold:   52         SH:  0    Dex:  9    Spells: 0 memorised, 2 levels left

rFire  . . .     SeeInvis .       - Unarmed
rCold  . . .     Clarity  .     a - +0 animal skin
rNeg   . . .     SustAt   .     (no shield)
rPois  .         Gourm    +     (helmet restricted)
rElec  .         Spirit   .     (no cloak)
rCorr  .         Warding  .     (gloves unavailable)
rMut   .         Stasis   .     (boots unavailable)
MR     .....                    (no amulet)
Stlth  ..........               (no ring)
                                (no ring)

@: berserking, very quick, not resistant to hostile enchantments, extremely
unstealthy
A: unfitting armour, claws 3, fast metabolism 3, gourmand, regeneration 2,
shaggy fur 1, tough skin 2
a: Burn Spellbooks, Berserk, Trog's Hand, Renounce Religion


You were on level 4 of the Dungeon.
You worshipped Trog.
Trog was pleased with you.
You were very hungry.

You visited 1 branch of the dungeon, and saw 4 of its levels.

You collected 52 gold pieces.

Inventory:

Hand weapons
 c - a cursed -1 club
 h - a +0 club
 i - a +0 dagger
 j - a +0 dagger
 k - a +0 whip
 s - a +0 hunting sling
 u - a +0 dagger
Missiles
 l - 61 stones (quivered)
 p - 16 arrows
 q - 19 bolts
 r - 23 sling bullets
Armour
 a - a +0 animal skin (worn)
 g - a +0 robe
 v - a +0 ring mail
Scrolls
 e - 2 scrolls of teleportation {unknown}
 n - a scroll of fog {unknown}
 t - a scroll of magic mapping {unknown}
 x - a scroll of identify {unknown}
 y - a scroll of enchant weapon {unknown}
Potions
 f - a potion of curing {unknown}
 m - 2 potions of flight {unknown}
 w - a potion of resistance {unknown}
Comestibles
 b - 2 bread rations
 d - 3 chunks of flesh
 o - 2 meat rations


   Skills:
 + Level 2.6 Fighting
 + Level 2.9 Dodging
 + Level 3.7 Unarmed Combat


You had 2 spell levels left.
You didn't know any spells.

Dungeon Overview and Level Annotations

Branches:
Dungeon (4/15)
 Temple: D:4-7

Altars:

Annotations:
D:4 Pikel


Innate Abilities, Weirdness & Mutations

You are too large for most types of armour.
You have claws for hands.
Your metabolism is lightning-fast.
You like to eat raw meat.
You heal very quickly.
You are covered in fur (AC +1).
You have very tough skin (AC +2).


Message History

* * * LOW HITPOINT WARNING * * *
The slave closely misses you. The slave barely misses you. The slave hits you.
* * * LOW HITPOINT WARNING * * *
You scratch the slave.
The slave is severely wounded.
Pikel hits you with a whip of flaming.
* * * LOW HITPOINT WARNING * * *
Pikel burns you.
* * * LOW HITPOINT WARNING * * *
You are too berserk!
You are too berserk!
You are too berserk!
You are too berserk!
You claw the slave!
You kill the slave!
That felt strangely unrewarding.
The slave completely misses you. The slave hits you.
* * * LOW HITPOINT WARNING * * *
The slave hits you!
You die...

########
#......##
#........
#......>.
#......#
#......##
#pK......
#@[....).
#pp....##
#'######
#......#
#......#
#......+ .
#......# ..
#####'## ...
#......##....


You could see Pikel and 3 slaves.

Vanquished Creatures
  A slave (D:4)
  A giant gecko (D:3)
  2 giant cockroaches (D:2)
  5 goblins
  6 hobgoblins
  5 jackals
  5 kobolds
  2 quokkas
  A ball python (D:2)
  3 bats (D:2)
  A giant newt (D:1)
  4 rats
36 creatures vanquished.

Notes
Turn   | Place    | Note
--------------------------------------------------------------
     0 | D:1      | Yloidan the Troll Berserker began the quest for the Orb.
     0 | D:1      | Reached XP level 1. HP: 22/22 MP: 0/0
   146 | D:1      | Reached XP level 2. HP: 25/29 MP: 1/1
   286 | D:2      | Acquired Trog's second power
   552 | D:2      | Reached XP level 3. HP: 36/36 MP: 2/2
   933 | D:4      | Noticed Pikel
   933 | D:4      | Noticed a slave
   933 | D:4      | Noticed a slave
   934 | D:4      | Noticed a slave
   934 | D:4      | Noticed a slave
   950 | D:4      | Killed a slave
   950 | D:4      | Slain by a slave

Vault maps used:
D:1:      shiori_arrival_elements, minmay_misc_feat_square
D:2:      minmay_misc_feat_pillars
D:3:      uniq_grinder
D:4:      gup_sewer_entry_bowl, uniq_pikel, uniq_blork_the_orc, uniq_menkaure,
          uniq_natasha

Action                   || total
-------------------------++-------
Melee: Unarmed           ||   102
Invok: Berserk           ||     2
  Eat: Chunk             ||     6
